Unix NetHack Version 3.7.0-102 Work-in-progress - last build May 6 2024 11:13:24 (a826c253819134adcd5a35278a77b28aa00a2e05,branch:master). Game began 2024-05-06 15:56:50, ended 2024-05-07 10:40:26. spontiff, neutral male gnomish Healer --- |<.- |...- --..... |......- --..--.......... |...| ...or@...@ --.. ....B.^.. --. ... Spontiff the Rhizotomist St:10 Dx:10 Co:12 In:9 Wi:17 Ch:17 Neutral S:256 Dlvl:5 $:1567 HP:0(19) Pw:6(6) AC:4 Xp:1/7 T:1260 Latest messages: What do you want to use or apply? [fijsxS or ?*] s In what direction? b Status of the large dog (neutral, medium): Level 6 HP 43(43) AC 4, tame. The large dog bites the dwarf. The dwarf is killed! You already found a monster. Use 'm' prefix to force another search. The large dog eats a dwarf corpse. You swap places with your large dog. $ - 10 gold pieces (1567 in total). The grid bug misses! The grid bug bites! You get zapped! The large dog misses the grid bug. The large dog bites the grid bug. The grid bug is killed! The large dog bites the grid bug. The grid bug is killed! Suddenly, the large dog falls through a trap door. You escape a trap door. What do you want to use or apply? [fijsxS or ?*] s In what direction? l Status of the werejackal (chaotic, medium): Level 2 HP 6(6) AC 10. What do you want to zap? [S or ?*] S In what direction? l The sleep ray hits the werejackal. You materialize in a different location! p - a scroll labeled GARVEN DEH. You hear some noises in the distance. You climb up the stairs. w - an ebony wand. You see here a gem called g1. l - a gem called g1 (2 in total). With great effort you move the boulder. The boulder falls into the pit. You kill the gnome! The boulder fills a pit. #i what the waht?: unknown extended command. The gecko misses! The gecko bites! You descend the stairs. The hobgoblin hits! The sewer rat misses! You hear crashing rock. The giant bat misses! The giant bat bites! The giant bat bites! The giant bat bites! You die... Do you want your possessions identified? [ynq] (y) y Do you want to see the dungeon overview? [ynq] (y) q Inventory: Coins $ - 1567 gold pieces Weapons m - a blessed +3 sling k - an uncursed +0 dagger K - 3 uncursed +0 orcish daggers (alternate weapons; not wielded) d - an uncursed +0 scalpel Armor h - an uncursed +1 orcish helm (being worn) g - an uncursed +1 pair of leather gloves (being worn) v - an uncursed +0 pair of iron shoes (being worn) q - an uncursed +0 dwarvish cloak (being worn) Comestibles y - 5 uncursed apples Scrolls p - a blessed scroll of charging a - an uncursed scroll of destroy armor n - a blessed scroll of food detection t - an uncursed scroll of identify o - an uncursed scroll of light r - an uncursed scroll of magic mapping Spellbooks i - a blessed spellbook of extra healing f - a blessed spellbook of healing j - a blessed spellbook of stone to flesh Potions C - 4 uncursed potions of extra healing c - a blessed potion of healing u - an uncursed potion of water named !c Wands w - an uncursed wand of lightning (0:6) S - an uncursed wand of sleep (0:7) Tools s - an uncursed stethoscope x - an uncursed tallow candle Gems/Stones e - a cursed worthless piece of blue glass l - 2 uncursed worthless pieces of green glass Spontiff the Healer's attributes: Background: You were a Rhizotomist, a level 1 male gnomish Healer. You were neutral, on a mission for Hermes who was opposed by Athena (lawful) and Poseidon (chaotic). You were right-handed. You were in the Gnomish Mines, on level 5. You entered the dungeon 1260 turns ago. There was a new moon in effect when your adventure ended. You had 7 experience points, 13 more were needed to attain level 2. Your score was 256 before end-of-game adjustments. Basics: You had 0 out of 19 hit points. You had all 6 energy points (spell power). Your armor class was 4. Your wallet contained 1567 zorkmids. Autopickup was on for '$!/="?' plus thrown, with exceptions. Final Characteristics: Your strength was 10 (limit:18/50). Your dexterity was 10 (limit:18). Your constitution was 12 (limit:18). Your intelligence was 9 (limit:19). Your wisdom was 17 (limit:18). Your charisma was 17 (limit:18). Final Status: You weren't hungry. You were unencumbered. You were empty handed. You were unskilled in bare handed combat. Final Attributes: You had strayed. Your items were somewhat protected from fire. Your items were somewhat protected from cold. You were poison resistant. You had infravision. You were warded. You are dead. Miscellaneous: You never encountered a bones level. Total elapsed playing time was 1 hour, 33 minutes and 3 seconds. Major events: Turn 1: spontiff the neutral male gnomish Healer entered the dungeon 1093: entered the Gnomish Mines 1260: killed by a giant bat Vanquished creatures: 6 fog clouds 2 dwarves a gnome 2 jackals a kobold 5 goblins 3 sewer rats 8 grid bugs a lichen a kobold zombie 2 newts 32 creatures vanquished. No species were genocided or became extinct. Voluntary challenges: You never hit with a wielded weapon. You were illiterate. You never engraved Elbereth. You never genocided any monsters. You never polymorphed an object. You never changed form. You used no wishes. Achievement: You entered the Gnomish Mines. The Dungeons of Doom: levels 1 to 3 Level 1: "vault" A sink. Level 2: "vault somewhere; magic trap" Some fountains. Level 3: Stairs down to The Gnomish Mines. The Gnomish Mines: levels 4 to 5 Level 4: Level 5: <- You were here. Final resting place for you, killed by a giant bat. Game over: ---------- / \ / REST \ / IN \ / PEACE \ / \ | spontiff | | 1567 Au | | killed by a | | giant bat | | | | | | 2024 | *| * * * | * _________)/\\_//(\/(/\)/\//\/|_)_______ Goodbye spontiff the Healer... You died in The Gnomish Mines on dungeon level 5 with 254 points, and 1567 pieces of gold, after 1260 moves. You were level 1 with a maximum of 19 hit points when you died.